 Dungeon Crawl Stone Soup version 0.26-a0-812-g31a745ddcd (webtiles) character file.

Game seed: 14820641267437218024

149 mkm the Digger (level 5, -1/28 HPs)
             Began as a Gargoyle Earth Elementalist on Dec 9, 2020.
             Slain by a gnoll
             ... wielding a +0 spear
              (2 damage)
             ... on level 3 of the Dungeon.
             The game lasted 00:08:00 (2486 turns).

mkm the Digger (Gargoyle Earth Elementalist)        Turns: 2486, Time: 00:08:00

Health: -1/28      AC:  6    Str: 11    XL:     5   Next: 31%
Magic:  10/10      EV: 12    Int: 17    God:
Gold:   89         SH:  0    Dex: 10    Spells: 6/10 levels left

rFire    . . .     SeeInvis .   a - +0 dagger
rCold    . . .     Faith    .   (no shield)
rNeg     + . .     Spirit   .   c - +0 robe
rPois    ∞         Reflect  .   (no helmet)
rElec    +         Harm     .   (no cloak)
rCorr    .         Rampage  .   (no gloves)
MR       .....                  (no boots)
Stlth    ++........             (no amulet)
HPRegen  0.09/turn              (no ring)
MPRegen  0.12/turn              (no ring)

@: no status effects
A: negative energy resistance 1, electricity resistance, unbreathing,
petrification resistance, rot immunity, AC +4
a: no special abilities


You were on level 3 of the Dungeon.
You visited 1 branch of the dungeon, and saw 3 of its levels.

You collected 89 gold pieces.

Inventory:

Hand Weapons
 a - a +0 dagger (weapon)
Missiles
 b - 85 stones (quivered)
Armour
 c - a +0 robe (worn)
Jewellery
 o - an uncursed amulet of magic regeneration {unknown}
 r - an uncursed ring of protection from fire {unknown}
Scrolls
 h - a scroll of fog {unknown}
 i - a scroll of identify
 l - a scroll of blinking {unknown}
 n - 2 scrolls of remove curse
 p - a scroll of amnesia {unknown}
Potions
 d - 2 potions of haste {unknown}
 e - 2 potions of berserk rage {unknown}
 f - a potion of might {unknown}
 g - a potion of degeneration {unknown}
 j - 3 potions of attraction {unknown}
 k - 2 potions of heal wounds {unknown}
 m - a potion of curing {unknown}
 q - 2 potions of cancellation {unknown}


   Skills:
 + Level 0.1 Short Blades
 - Level 1.5 Dodging
 - Level 2.1 Stealth
 + Level 3.4 Spellcasting
 * Level 1.0 Conjurations
   Level 0.7 Transmutations
 + Level 5.7 Earth Magic


You had 6 spell levels left.
You knew the following spells:

 Your Spells              Type           Power        Failure   Level
a - Sandblast             Erth           ###...       1%          1
b - Stone Arrow           Conj/Erth      ##....       13%         3

Your spell library contained the following spells:

 Spells                   Type           Power        Failure   Level
 Passwall                 Tmut/Erth      ##......     7%          2
 Petrify                  Tmut/Erth      ##......     41%         4
 Lee's Rapid Deconstruct  Erth           ###.......   41%         5


Dungeon Overview and Level Annotations

Branches:
Dungeon (3/15)

Altars:
Ashenzari


Innate Abilities, Weirdness & Mutations

You are resistant to torment.
Your stone body is resilient. (AC +4)
You are immune to poison.
You resist negative energy. (rN+)
You are resistant to electric shocks. (rElec)
You can survive without breathing.
You are immune to petrification.
You are immune to rotting.


Message History

The orc barely misses you.
As you read the scroll labelled JIAJ KOULITTO, it crumbles to dust.
It is a scroll of identify.
n - 2 scrolls of remove curse The adder bites you.
The gnoll hits you. The orc hits you but does no damage. The gnoll misses you.
The adder closely misses you. The gnoll hits you.
* * * LOW HITPOINT WARNING * * *
The adder barely misses you. The orc closely misses you.
The gnoll barely misses you. x2
The gnoll hits you.
* * * LOW HITPOINT WARNING * * *
The gnoll closely misses you. The gnoll hits you.
* * * LOW HITPOINT WARNING * * *
The adder bites you but does no damage. The gnoll hits you but does no damage.
The gnoll barely misses you. The gnoll hits you but does no damage.
The gnoll hits you from afar with a +0 spear.
You die...

#....(...# ### #........#
######## #.. #........# #.......
#... #........# #.......
##...###........# #.......
................# #......)
#.......o.g.#### #....... ###
#.......Sgg.#### #....... ..
######.#@g.....# #.....). #.
#.#.......# #.......
##.###########.#.......######....
.....................)......#.#.#
.).#.#####.#...#.......####.#....
..<#.#####.#..........).###..##.#
.....g......g............÷)).....
.gg#...........#......÷..###..#.#
...###.........#######..........#


You could see 4 gnolls, an adder and an orc.

Vanquished Creatures
  Terence (D:2)
  Robin (D:2)
  4 adders
  2 oozes (D:2)
  A worm (D:2)
  A dart slug (D:2)
  4 orcs (D:3)
  A ball python (D:2)
  3 giant cockroaches
  8 goblins
  11 hobgoblins
  7 kobolds
  A quokka (D:3)
  4 bats
  5 frilled lizards
  5 rats
59 creatures vanquished.

Notes
Turn   | Place    | Note
-------+----------+-------------------------------------------
     0 | D:1      | mkm the Gargoyle Earth Elementalist began the quest for the
                  | Orb.
     0 | D:1      | Reached XP level 1. HP: 10/10 MP: 3/3
   140 | D:1      | Reached skill level 4 in Earth Magic
   140 | D:1      | Reached XP level 2. HP: 7/15 MP: 3/5
   916 | D:2      | Found a broken altar of Ashenzari.
   956 | D:2      | Reached XP level 3. HP: 19/19 MP: 3/6
  1471 | D:2      | Noticed Terence
  1475 | D:2      | Killed Terence
  1475 | D:2      | Reached skill level 5 in Earth Magic
  1475 | D:2      | Reached XP level 4. HP: 24/24 MP: 4/8
  1531 | D:2      | Noticed Robin
  1538 | D:2      | Killed Robin
  1744 | D:2      | Learned a level 3 spell: Stone Arrow
  1949 | D:3      | Reached XP level 5. HP: 24/28 MP: 4/9
  2146 | D:3      | Reached skill level 1 in Conjurations
  2485 | D:3      | HP: 1/28 [gnoll (5)]
  2486 | D:3      | Slain by a gnoll

Illustrated notes

Levels and vault maps discovered:
D:1:      lightli_arrival_statue_moat, layout_rooms
D:2:      layout_basic, evilmike_ruin_ashenzari, uniq_robin, uniq_terence
D:3:      layout_basic

Skill      XL: |  1  2  3  4  5 |
---------------+----------------+-----
Earth Magic    | 4 5 |  5.7
Spellcasting   | 3 |  3.4
Conjurations   | 1 |  1.0
Short Blades   | |  0.1
Dodging        | |  1.5
Stealth        | |  2.1
Transmutations | |  0.7

Action                   |  1- 3 |  4- 6 || total
-------------------------+-------+-------++-------
Melee: Dagger            |    20 |    26 ||    46
 Cast: Sandblast         |    37 |    30 ||    67
       Stone Arrow       |       |     7 ||     7
  Use: Scroll            |       |     1 ||     1
Armor: Robe              |     6 |    12 ||    18
Dodge: Dodged            |    11 |    39 ||    50

Table legend: (Time is in decaauts)
 A = Elapsed time spent in this place.
 B = Non-inter-level travel time spent in this place.
 C = Inter-level travel time spent in this place.
 D = Time resting spent in this place.
 E = Time spent auto-exploring this place.
 F = Levels seen in this place.
 G = Mean time per level.
                   A        B        C        D        E       F      G
               +--------+--------+--------+--------+--------+-----+--------+
         Total |   2485 |   2434 |     51 |    898 |   1122 |   3 |  828.3 |
       Dungeon |   2485 |   2434 |     51 |    898 |   1122 |   3 |  828.3 |
               +--------+--------+--------+--------+--------+-----+--------+

Top non-repeatable levels by time:
     D:2: 1196 daAuts
     D:1: 730 daAuts
     D:3: 559 daAuts
